 Dungeon Crawl Stone Soup version 0.30-a0-6-g7c9e10e132 (webtiles) character file.

Game seed: 17252252392981612234

794 Zeldest the Chopper (level 7, 0/61 (70) HPs)
             Began as a Troll Fighter on Aug 22, 2022.
             Slain by a wight
             ... wielding a +0 falchion
              (3 damage)
             ... on level 7 of the Dungeon.
             The game lasted 00:03:49 (3312 turns).

Zeldest the Chopper (Troll Fighter)                 Turns: 3312, Time: 00:03:49

HP:   0/61 (70)     AC:  4    Str: 27    XL:     7   Next: 58%
MP:   6/6           EV:  8    Int:  4    God:
Gold: 151           SH:  8    Dex:  9    Spells: 6/6 levels left

rFire   . . .      SeeInvis .    a - +0 war axe
rCold   . . .      Faith    .    c - +0 kite shield
rNeg    . . .      Spirit   .    b - +0 robe
rPois   .          Reflect  .    (helmet restricted)
rElec   .          Harm     .    (no cloak)
rCorr   .          Rampage  .    (gloves unavailable)
Will    .....                    (boots unavailable)
Stlth   +.........               v - amulet of regeneration
HPRegen 1.80/turn                (no ring)
MPRegen 0.10/turn                (no ring)

@: heavily drained
A: large, unfitting armour, claws 3, regeneration 1, shaggy fur 1, tough skin 1
a: no special abilities


You were on level 7 of the Dungeon.
You visited 1 branch of the dungeon, and saw 7 of its levels.

You collected 151 gold pieces.

Inventory:

Hand Weapons
 a - a +0 war axe (weapon)
Armour
 b - a +0 robe (worn)
 c - a +0 kite shield (worn)
Jewellery
 v - an amulet of regeneration (around neck)
Wands
 s - a wand of flame (21)
Scrolls
 f - 2 scrolls of fog {unknown}
 g - 3 scrolls of immolation {unknown}
 h - 2 scrolls of identify {unknown}
 i - a scroll of noise {unknown}
 l - 2 scrolls of vulnerability {unknown}
 n - 2 scrolls of fear {unknown}
 p - a scroll of blinking {unknown}
 q - 2 scrolls of summoning {unknown}
 r - 3 scrolls of poison {unknown}
 u - a scroll of enchant weapon {unknown}
 w - a scroll of amnesia {unknown}
Potions
 d - a potion of haste {unknown}
 e - a potion of brilliance {unknown}
 j - 2 potions of ambrosia {unknown}
 k - 2 potions of mutation {unknown}
 m - 2 potions of cancellation {unknown}
 o - 4 potions of curing {unknown}
 t - 3 potions of heal wounds {unknown}
 x - a potion of attraction {unknown}


   Skills:
 + Level 4.3 Fighting
 * Level 5.2 Axes
 - Level 2.4 Dodging
 + Level 4.7 Shields


You had 6 spell levels left.
You didn't know any spells.
Your spell library contained the following spells:

 Spells                   Type           Power      Damage    Failure   Level
 Beastly Appendage        Tmut           0%         N/A       78%         1
 Foxfire                  Conj/Fire      0%         2x1d4     78%         1
 Wereblood                Tmut           0%         N/A       89%         2
 Conjure Flame            Conj/Fire      0%         6-21      98%         3
 Inner Flame              Hex/Fire       0%         N/A       98%         3
 Spider Form              Tmut/Pois      0%         N/A       98%         3
 Flame Wave               Conj/Fire      0%         2d4       100%        4
 Petrify                  Tmut/Erth      0%         N/A       100%        4
 Metabolic Englaciation   Hex/Ice        0%         N/A       100%        5
 Statue Form              Tmut/Erth      0%         N/A       100%        6


Dungeon Overview and Level Annotations

Branches:
Dungeon (7/15)
 Temple: D:4-7

Altars:
Ashenzari
Gozag
Kikubaaqudgha
Qazlal


Innate Abilities, Weirdness & Mutations

You are too large for most types of armour.
You have claws for hands.
Your natural rate of healing is unusually fast.
You are covered in fur. (AC +1)
You have tough skin. (AC +1)


Message History

The wight hits you from afar with a +3 spear of freezing.
The wight freezes you.
The wight hits you with a +0 halberd of freezing.
The wight freezes you.
You hit the wight.
The wight is moderately damaged.
You hit the wight. The wight barely misses you.
The wight hits you with a +0 halberd of freezing!
You feel drained. The wight freezes you.
The wight hits you from afar with a +3 spear of freezing.
You feel drained. The wight freezes you.
You barely miss the wight.
The wight is moderately damaged.
You hit the wight. The wight barely misses you.
You block the wight's attack. x2
The wight hits you from afar with a +3 spear of freezing!
You feel drained. The wight freezes you.
* * * LOW HITPOINT WARNING * * *
The wight hits you with a +0 halberd of freezing.
* * * LOW HITPOINT WARNING * * *
You feel drained.
* * * LOW HITPOINT WARNING * * *
The wight freezes you.
* * * LOW HITPOINT WARNING * * *
You block the wight's attack.
Okay, then.
You barely miss the wight.
The wight is moderately damaged.
You completely miss the wight. You block the wight's attack.
The wight hits you from afar with a +3 spear of freezing.
* * * LOW HITPOINT WARNING * * *
You feel drained.
* * * LOW HITPOINT WARNING * * *
The wight freezes you.
* * * LOW HITPOINT WARNING * * *
The wight barely misses you.
You hit the wight.
The wight is heavily damaged.
You closely miss the wight. You hit the gnoll. You block the wight's attack.
The wight hits you with a +0 falchion.
You die...

.................#.#....
........................
....##.#.###.....#.#....
........................
....##.#.###......#.....
... ...#.# ###...†......
.........#####....#.#...
................).#
#..######......@g# ...
#.###.zz....... #
##z..#.#... #?..#.# .
#...# # #.... .....
......


You could see 3 wights and a gnoll.

Vanquished Creatures
  A water moccasin (D:5)
  A centaur (D:5)
  2 ogres
  A bullfrog (D:7)
  A scorpion (D:5)
  An orc priest (D:6)
  2 hounds (D:5)
  2 iguanas
  A gnoll (D:7)
  5 adders
  A white imp (D:4)
  4 worms
  2 dart slugs
  15 orcs
  8 bats
  7 endoplasms
  5 giant cockroaches
  7 hobgoblins
  2 jackals (D:1)
  8 kobolds
  3 quokkas
  9 ball pythons
  2 frilled lizards
  10 goblins
  6 rats
106 creatures vanquished.

Notes
Turn   | Place    | Note
-------+----------+-------------------------------------------
     0 | D:1      | Zeldest the Troll Fighter began the quest for the Orb.
     0 | D:1      | Reached XP level 1. HP: 22/22 MP: 0/0
   144 | D:1      | Reached skill level 2 in Axes
   144 | D:1      | Reached XP level 2. HP: 29/29 MP: 1/1
   342 | D:1      | Reached XP level 3. HP: 32/36 MP: 2/2
  1235 | D:2      | Reached XP level 4. HP: 44/44 MP: 3/3
  1724 | D:3      | Found a faded altar of an unknown god.
  1738 | D:3      | Reached skill level 3 in Axes
  2161 | D:4      | Noticed an ogre
  2201 | D:4      | Killed an ogre
  2202 | D:4      | Reached XP level 5. HP: 13/53 MP: 4/4
  2460 | D:4      | Reached XP level 6. HP: 61/61 MP: 5/5
  2469 | D:4      | Found an ancient bone altar of Kikubaaqudgha.
  2474 | D:4      | Found a stormy altar of Qazlal.
  2570 | D:4      | Found an opulent altar of Gozag.
  2570 | D:4      | Found a broken altar of Ashenzari.
  2664 | D:5      | Entered Level 5 of the Dungeon
  2720 | D:5      | Reached skill level 4 in Axes
  2765 | D:5      | Noticed a water moccasin
  2776 | D:5      | Killed a water moccasin
  2910 | D:5      | Reached XP level 7. HP: 68/68 MP: 6/6
  3256 | D:6      | Reached skill level 5 in Axes
  3311 | D:7      | HP: 1/61 [wight/+3 spear of freezing (3)]
  3312 | D:7      | Slain by a wight

Illustrated notes

Levels and vault maps discovered:
D:1:      beargit_arrival_greenhouse, layout_basic, minivault_23,
          minmay_box_of_dots
D:2:      layout_rooms, hex_medium, minmay_misc_feat_columns,
          kennysheep_nondescript, minivault_24, minmay_misc_feat_four_crosses
D:3:      layout_basic, hellmonk_ecumenical_altar_arch_garden
D:4:      layout_rooms, gammafunk_temple_overflow_wave,
          amethyst_overflow_temple_binary
D:5:      minmay_bubble_buster, layout_basic, uniq_duvessa, uniq_blork_the_orc
D:6:      cheibrodos_barr_body, layout_gridville, yredelemnul_altar_generic
D:7:      layout_basic, mainiacjoe_overflow_alcove_2,
          minmay_temple_entry_overgrown, serial_shops, nicolae_shop_crystal,
          minmay_misc_feat_five

Skill      XL: |  1  2  3  4  5  6  7 |
---------------+----------------------+-----
Axes           | 2 3 4 5 |  5.2
Shields        | 3 4 |  4.7
Fighting       | 3 4 |  4.3
Dodging        | |  2.4

Action                   |  1- 3 |  4- 6 |  7- 9 || total
-------------------------+-------+-------+-------++-------
Melee: War axe           |   137 |   149 |    42 ||   328
  Use: Potion            |       |     1 |       ||     1
       Scroll            |       |       |     3 ||     3
Armor: Robe              |    86 |    47 |    14 ||   147
Dodge: Dodged            |    68 |    55 |    21 ||   144
Block: Kite shield       |    75 |    59 |    29 ||   163

Table legend: (Time is in decaauts)
 A = Elapsed time spent in this place.
 B = Non-inter-level travel time spent in this place.
 C = Inter-level travel time spent in this place.
 D = Time resting spent in this place.
 E = Time spent auto-exploring this place.
 F = Levels seen in this place.
 G = Mean time per level.
                   A        B        C        D        E       F      G
               +--------+--------+--------+--------+--------+-----+--------+
         Total |   3468 |   3308 |    160 |    268 |   2137 |   7 |  495.4 |
       Dungeon |   3468 |   3308 |    160 |    268 |   2137 |   7 |  495.4 |
               +--------+--------+--------+--------+--------+-----+--------+

Top non-repeatable levels by time:
     D:1: 883 daAuts
     D:2: 681 daAuts
     D:3: 654 daAuts
     D:4: 574 daAuts
     D:5: 555 daAuts
     D:6: 82 daAuts
     D:7: 37 daAuts
